AoeStats
← Ahtkel

African Clearing

510564353Analyzed
4v4 RM · 2d ago on Oct 1, 2026· 26m 33s· 8 players
Game mode
Random Map
Map size
Large (8 player)
Population
200
Speed
Normal
Resources
Standard
Victory
Conquest
Starting age
Dark Age
Ending age
Imperial Age
RankedLock teamsTeams togetherTeam positionsShared explorationLock speedFull tech treeHidden civsTurbo modeCheats
Victory
Defeat
🇹🇷 Slavs · Türkiye
1045
+11
🇲🇽 Celts · Mexico
909
+17
🇺🇸 Malians · United States
897
+17
🇩🇪 Khmer · Germany
878
+19
🇮🇳 Varangians · India
967
-17
🇺🇦 Lithuanians · Ukraine
932
-21
🇦🇷 Bohemians · Argentina
931
-16
🇻🇳 Spanish · Vietnam
898
-15
carbondioxide
16:57 Loom
20:51 Feudal Age
23:02 Wheelbarrow
22:55 Double-Bit Axe
27:39 Castle Age
findsarfaraz
3:33 Loom
14:59 Feudal Age
16:54 Double-Bit Axe
19:08 Bloodlines
24:51 Castle Age
24:40 Forging
25:02 Scale Barding Armor
SlonceG
13:11 Loom
16:16 Feudal Age
25:17 Scale Mail Armor
25:30 Forging
25:31 Scale Barding Armor
27:51 Castle Age
david
14:04 Feudal Age
14:24 Man-at-Arms
20:30 Double-Bit Axe
metalmilitia620
4:41 Loom
15:42 Feudal Age
16:40 Man-at-Arms
19:32 Double-Bit Axe
22:30 Fletching
travishjones96
5:09 Loom
16:19 Feudal Age
20:53 Castle Age
24:32 Forging
Ahtkel
7:42 Loom
16:10 Feudal Age
20:26 Castle Age
22:04 Fletching
23:56 Crossbowman
25:33 Padded Archer Armor
Mistăr
4:20 Loom
15:24 Feudal Age
16:32 Double-Bit Axe
16:40 Horse Collar
24:00 Castle Age
22:49 Gold Mining
23:41 Stone Mining
23:45 Town Watch
26:28 Stone Shaft Mining
26:14 Fletching
Connection lost

Rejoining the realm…

Still unreachable

The connection could not be restored.

Session expired

The server has moved on; the page needs a fresh start.